 Dungeon Crawl Stone Soup version 0.27.0-1-g7a089689b8 (webtiles) character file.

Game seed: 4467544096071808058

24 PentaManta the Sneak (level 3, 18/18 HPs)
             Began as a Vine Stalker Brigand on Aug 17, 2021.
             Got out of the dungeon alive.
             The game lasted 00:01:55 (1083 turns).

PentaManta the Sneak (Vine Stalker Brigand)         Turns: 1083, Time: 00:01:56

Health: 18/18      AC:  3    Str: 14    XL:     3   Next: 2%
Magic:  4/4        EV: 11    Int: 11    God:
Gold:   36         SH:  0    Dex: 15    Spells: 2/2 levels left

rFire    . . .     SeeInvis .   a - +2 dagger
rCold    . . .     Faith    .   (no shield)
rNeg     . . .     Spirit   +   b - +0 robe
rPois    .         Reflect  .   (no helmet)
rElec    .         Harm     .   c - +0 cloak
rCorr    .         Rampage  .   (no gloves)
Will     .....                  (no boots)
Stlth    +++.......             (no amulet)
HPRegen  0.06/turn              (no ring)
MPRegen  0.09/turn              (no ring)

@: no status effects
A: fangs 2, magic shield, antimagic bite, no potion heal 2
a: no special abilities


You escaped.
You visited 1 branch of the dungeon, and saw 2 of its levels.

You collected 36 gold pieces.

Inventory:

Hand Weapons
 a - a +2 dagger (weapon)
Missiles
 d - 8 poisoned darts (quivered)
 e - 2 curare-tipped darts
 j - 12 stones
Armour
 b - a +0 robe (worn)
 c - a +0 cloak (worn)
 h - a +0 ring mail
Scrolls
 f - 2 scrolls of identify {unknown}
 i - a scroll of noise {unknown}
Potions
 g - a potion of lignification {unknown}


   Skills:
 - Level 1.7 Fighting
 - Level 1.7 Short Blades
 - Level 1.7 Throwing
 - Level 0.7 Dodging
 + Level 6.1 Stealth


You had 2 spell levels left.
You didn't know any spells.
Your spell library contained the following spells:

 Spells                   Type           Power      Damage    Failure   Level
 Sublimation of Blood     Necr           0%         N/A       47%         2
 Wereblood                Tmut           0%         N/A       47%         2
 Summon Hydra             Summ           0%         N/A       100%        7


Dungeon Overview and Level Annotations

Branches:
Dungeon (2/15)

Altars:


Innate Abilities, Weirdness & Mutations

You have extremely sharp teeth.
When hurt, damage is shared between your health and your magic reserves.
Your bite disrupts and absorbs the magic of your enemies.
Potions cannot restore your health.


Message History

a +0 dagger; a goblin corpse
There is a stone staircase leading down here.
Found 12 stones.
Done exploring.
Done exploring.
Done exploring.
No target in view!
No target in view!
You see here 12 stones.
j - 12 stones You see here 18 arrows.
There is a stone staircase leading down here.
You climb downwards.
There is a stone staircase leading up here.
A quokka comes into view.
A quokka is nearby!
A quokka is nearby!
A worm comes into view.
A bat comes into view.
The helpless quokka fails to defend itself.
You impale the quokka!!
You kill the quokka!
You have reached level 3!
Your experience leads to an increase in your attributes!
Increase (S)trength, (I)ntelligence, or (D)exterity?
You feel stronger.
There is a stone staircase leading up here.
You climb upwards.
There is a stone staircase leading down here.
You enter the shallow water.
Moving in this stuff is going to be slow.
There is a stone staircase leading down here.
You see here 19 arrows.
Things that are here:
a +0 dagger; a goblin corpse
There is a stone staircase leading down here.
There is an open gate here.
There is a staircase leading out of the dungeon here.
Are you sure you want to leave the Dungeon?
This will make you lose the game!
You have escaped!

###### #.#.8# ###
#..#'###########..
#@.#'.......##....
#..#'######.##.#.#
#.#.8# #.##.#.#
###### ###.##.#.#
#.# ##.#......#
#.###.#........
#.##.###.......
#.###.#........
#.# ##.#.......


There were no monsters in sight!

Vanquished Creatures
  4 ball pythons (D:1)
  A bat (D:1)
  A giant cockroach (D:1)
  3 goblins (D:1)
  3 jackals (D:1)
  A quokka (D:2)
  3 frilled lizards (D:1)
  A kobold (D:1)
  4 rats (D:1)
  A spectral goblin (D:1)
22 creatures vanquished.

Notes
Turn   | Place    | Note
-------+----------+-------------------------------------------
     0 | D:1      | PentaManta the Vine Stalker Brigand began the quest for the
                  | Orb.
     0 | D:1      | Reached XP level 1. HP: 11/11 MP: 2/2
   197 | D:1      | Reached skill level 5 in Stealth
   332 | D:1      | Reached XP level 2. HP: 15/15 MP: 3/3
   344 | D:1      | Found a faded altar of an unknown god.
   678 | D:1      | Reached skill level 6 in Stealth
  1009 | D:2      | Reached XP level 3. HP: 18/18 MP: 4/4
  1083 | D:$      | Got out of the dungeon alive.

Illustrated notes

Levels and vault maps discovered:
D:1:      saegor_arrival_simple_c, layout_loops_ring,
          dreamdust_ecumenical_altar_drowned_temple, minmay_shallow_snake_nest
D:2:      layout_basic, basic_altar, minmay_pentomino_s4, uniq_natasha

Skill      XL: |  1  2 |
---------------+-------+-----
Stealth        | 5 6 |  6.1
Fighting       | |  1.7
Short Blades   | |  1.7
Throwing       | |  1.7
Dodging        | |  0.7

Action                   || total
-------------------------++-------
Melee: Dagger            ||    43
       Bite              ||     8
 Stab: Sleeping          ||     4
Armor: Ring mail         ||     7
       Robe              ||     5
Dodge: Dodged            ||    24
